[Event "LJ Slovak Open 2022"]
[Site "Liptovsky Jan"]
[Date "2022.06.25"]
[Round "5.37"]
[White "Miciak, Emanuel"]
[Black "Carnecky, Viliam"]
[Result "1-0"]
[ECO "E10"]
[WhiteElo "1804"]
[BlackElo "1380"]
[Annotator "NA RC"]
[PlyCount "117"]
[EventDate "2022.06.23"]
[EventType "swiss"]
[EventCountry "SVK"]
[SourceTitle "playchess.com"]
[Source "ChessBase"]
[SourceQuality "1"]
[TimeControl "3600+30"]

1. d4 d5 2. c4 e6 3. Nf3 Nc6 4. e3 Nf6 5. a3 Bd7 6. Nc3 a6 7. Bd3 Be7 8. O-O O-O 9. b3 Bd6 10. Bb2 Re8 11. c5 Be7 12. Qc2 b6 13. b4 a5 14. b5 Na7 15. c6 Bc8 16. Rad1 Bd6 17. Ne5 Qe7 18. Nb1 Bxe5 19. dxe5 Ne4 20. a4 f6 21. Bxe4 dxe4 22. Qxe4 fxe5 23. Bxe5 Qf7 24. Qg4 h6 25. Qg3 Re7 26. Rd8+ Kh7 27. Nd2 Bb7 28. Rxa8 Bxa8 29. Nf3 Nxc6 30. bxc6 Bxc6 31. Rc1 Bxa4 32. Rxc7 Rd7 33. Rxd7 Qxd7 34. Nd4 Bc6 35. h4 Bd5 36. f4 g6 37. h5 Qf7 38. hxg6+ Qxg6 39. Qxg6+ Kxg6 40. Bc7 a4 41. Bxb6 a3 42. Ba5 a2 43. Bc3 Kh5 44. Kf2 Kg4 45. Nc2 Kf5 46. Nb4 Bc4 47. Kf3 h5 48. e4+ Kg6 49. g3 Bb3 50. Ke3 Bc4 51. Kd4 Bb3 52. Nd3 Bc2 53. Nc1 Bb1 54. Nb3 Bc2 55. Nd2 Kf6 56. Bb2 Ke7 57. Kc5 Bb1 58. Nf3 Kf7 59. f5 1-0

[Event "LJ Slovak Open 2022"]
[Site "Liptovsky Jan"]
[Date "2022.06.25"]
[Round "5.38"]
[White "Staron, Ladislav"]
[Black "Livnansky, Michal"]
[Result "1/2-1/2"]
[ECO "E87"]
[WhiteElo "1695"]
[BlackElo "1279"]
[Annotator "NA RC"]
[PlyCount "118"]
[EventDate "2022.06.23"]
[EventType "swiss"]
[EventCountry "SVK"]
[SourceTitle "playchess.com"]
[Source "ChessBase"]
[SourceQuality "1"]
[TimeControl "3600+30"]

1. d4 Nf6 2. c4 g6 3. Nc3 Bg7 4. e4 d6 5. f3 O-O 6. Be3 Nbd7 7. Qd2 e5 8. d5 Ne8 9. Bd3 f5 10. Bg5 Ndf6 11. Bh6 Nxe4 12. fxe4 Qh4+ 13. g3 Qxh6 14. Qxh6 Bxh6 15. Ke2 Nf6 16. Rf1 fxe4 17. Nxe4 Bg4+ 18. Nf3 Bh3 19. Re1 Bg2 20. Rhg1 Bxf3+ 21. Kxf3 Nxd5+ 22. Ke2 Nb4 23. Bb1 Nc6 24. Rgf1 Nd4+ 25. Kd3 Rxf1 26. Rxf1 Rf8 27. Rxf8+ Kxf8 28. c5 Ke7 29. cxd6+ cxd6 30. a4 Nb3 31. Kc4 Nd2+ 32. Nxd2 Bxd2 33. Kd5 Bc1 34. b4 Ba3 35. b5 Bc5 36. g4 a6 37. h4 axb5 38. axb5 Bf2 39. h5 gxh5 40. gxh5 h6 41. Bg6 Bc5 42. Bf5 b6 43. Bg6 Kf6 44. Ke4 Ke6 45. Bf5+ Kf6 46. Bg6 Kg5 47. Bf7 Kg4 48. Be8 Kg3 49. Bf7 Kf2 50. Bc4 Ke1 51. Bd5 Kd2 52. Bc6 Kc3 53. Kd5 Kd3 54. Be8 Ke3 55. Bg6 Bd4 56. Be4 Kf4 57. Bg6 Bc5 58. Be4 Kg5 59. Bg6 Kf4 1/2-1/2

[Event "LJ Slovak Open 2022"]
[Site "Liptovsky Jan"]
[Date "2022.06.25"]
[Round "5.39"]
[White "Prochazka Michal"]
[Black "Kulich, Daniel"]
[Result "0-1"]
[ECO "B28"]
[WhiteElo "1110"]
[BlackElo "1648"]
[Annotator "NA RC"]
[PlyCount "62"]
[EventDate "2022.06.23"]
[EventType "swiss"]
[EventCountry "SVK"]
[SourceTitle "playchess.com"]
[Source "ChessBase"]
[SourceQuality "1"]
[TimeControl "3600+30"]

1. e4 c5 2. Nf3 a6 3. d4 cxd4 4. Nxd4 Nf6 5. Nc3 e5 6. Nf3 Nc6 7. Bc4 Bc5 8. O-O O-O 9. Bg5 h6 10. Bh4 d6 11. Qc1 Be6 12. Bb3 Bxb3 13. axb3 Kh7 14. Rd1 Rg8 15. Ra4 b5 16. Ra2 Nb4 17. Ra1 Qc8 18. Nd5 Nbxd5 19. exd5 Qg4 20. h3 Qf5 21. c4 g5 22. Bg3 Ne4 23. Kf1 Nxg3+ 24. fxg3 e4 25. Qb1 g4 26. hxg4 Rxg4 27. cxb5 Rxg3 28. Rxa6 Rxf3+ 29. Ke2 Rf2+ 30. Ke1 Bb4+ 31. Rd2 Rxd2 0-1

[Event "LJ Slovak Open 2022"]
[Site "Liptovsky Jan"]
[Date "2022.06.25"]
[Round "5.40"]
[White "Recky, Norbert"]
[Black "Hudak, Michal"]
[Result "1/2-1/2"]
[ECO "B41"]
[WhiteElo "1755"]
[BlackElo "1169"]
[Annotator "NA RC"]
[PlyCount "49"]
[EventDate "2022.06.23"]
[EventType "swiss"]
[EventCountry "SVK"]
[SourceTitle "playchess.com"]
[Source "ChessBase"]
[SourceQuality "1"]
[TimeControl "3600+30"]

1. e4 c5 2. Nf3 e6 3. d4 cxd4 4. Nxd4 a6 5. Be2 Nf6 6. e5 Qa5+ 7. Nc3 Qxe5 8. O-O Bc5 9. Nb3 Ba7 10. Bf3 d5 11. Re1 Qc7 12. Bxd5 O-O 13. Bf3 Nc6 14. Bg5 Ne8 15. Qe2 b5 16. Bxc6 Qxc6 17. Qe4 Qxe4 18. Nxe4 f6 19. Be3 Bxe3 20. Rxe3 Nc7 21. Nec5 e5 22. Rd1 Bf5 23. c3 Rfd8 24. Ree1 Kf8 25. Na5 1/2-1/2

[Event "LJ Slovak Open 2022"]
[Site "Liptovsky Jan"]
[Date "2022.06.25"]
[Round "5.41"]
[White "Sokolovsky, Jakub"]
[Black "Szabo, Marian"]
[Result "1-0"]
[ECO "A42"]
[WhiteElo "1613"]
[BlackElo "1467"]
[Annotator "NA RC"]
[PlyCount "47"]
[EventDate "2022.06.23"]
[EventType "swiss"]
[EventCountry "SVK"]
[SourceTitle "playchess.com"]
[Source "ChessBase"]
[SourceQuality "1"]
[TimeControl "3600+30"]

1. e4 e6 2. d4 g6 3. c4 Bg7 4. Nc3 d6 5. Nf3 Nd7 6. Bg5 Bf6 7. Bxf6 Ngxf6 8. Be2 b6 9. h3 Bb7 10. e5 Ne4 11. Nxe4 Bxe4 12. O-O O-O 13. Re1 Rc8 14. a4 a5 15. exd6 cxd6 16. b3 d5 17. Bf1 Qf6 18. Nd2 Qxd4 19. Nxe4 Qxd1 20. Raxd1 Rfd8 21. cxd5 exd5 22. Rxd5 Kg7 23. Red1 Nf6 24. Rxd8 1-0

[Event "LJ Slovak Open 2022"]
[Site "Liptovsky Jan"]
[Date "2022.06.25"]
[Round "5.42"]
[White "Hlavac, Tomas"]
[Black "Magda, Filip"]
[Result "0-1"]
[ECO "B51"]
[WhiteElo "1409"]
[BlackElo "1624"]
[Annotator "NA RC"]
[PlyCount "112"]
[EventDate "2022.06.23"]
[EventType "swiss"]
[EventCountry "SVK"]
[SourceTitle "playchess.com"]
[Source "ChessBase"]
[SourceQuality "1"]
[TimeControl "3600+30"]

1. e4 c5 2. Nf3 Nc6 3. Bb5 d6 4. Bxc6+ bxc6 5. O-O Nf6 6. Re1 g6 7. d3 Bg7 8. h3 O-O 9. Nbd2 Rb8 10. Rb1 Nd7 11. b3 Ne5 12. Nh2 d5 13. f4 Nd7 14. e5 Nb6 15. Ba3 Nd7 16. Ndf3 Qa5 17. Bb2 Qxa2 18. Bc3 Qa6 19. d4 cxd4 20. Bxd4 c5 21. Ra1 Qb7 22. Bf2 d4 23. Qe2 Nb6 24. Ng5 h6 25. Ne4 Qc7 26. Ra5 Nd5 27. Rxc5 Qb7 28. Qd2 Bf5 29. Bxd4 Nb4 30. Ng3 Bxc2 31. Rxc2 Nxc2 32. Qxc2 Qxb3 33. Qf2 a5 34. Ne2 a4 35. Nc3 Rfc8 36. Rb1 Qxb1+ 37. Nxb1 Rxb1+ 38. Nf1 Rcc1 39. Bb2 Rxf1+ 40. Qxf1 Rxf1+ 41. Kxf1 e6 42. Ke2 Bf8 43. Kd3 Bc5 44. Bd4 Bxd4 45. Kxd4 Kg7 46. Kc3 g5 47. fxg5 hxg5 48. Kb4 Kg6 49. g4 f6 50. exf6 Kxf6 51. Kxa4 Ke5 52. Kb4 Kf4 53. Kc4 Kg3 54. Kd4 Kxh3 55. Ke5 Kxg4 56. Kxe6 Kf3 0-1

[Event "LJ Slovak Open 2022"]
[Site "Liptovsky Jan"]
[Date "2022.06.25"]
[Round "5.43"]
[White "Sekova, Olivia"]
[Black "Muller, Martin"]
[Result "1-0"]
[ECO "C05"]
[WhiteElo "1708"]
[BlackElo "1476"]
[Annotator "NA RC"]
[PlyCount "75"]
[EventDate "2022.06.23"]
[EventType "swiss"]
[EventCountry "SVK"]
[SourceTitle "playchess.com"]
[Source "ChessBase"]
[SourceQuality "1"]
[TimeControl "3600+30"]

1. e4 e6 2. d4 d5 3. Nd2 Nf6 4. Bd3 c5 5. dxc5 Nc6 6. Ngf3 dxe4 7. Bxe4 Nxe4 8. Nxe4 Qxd1+ 9. Kxd1 Bd7 10. Bf4 f6 11. Bd6 Ne7 12. Re1 Bc6 13. Nd4 Bxe4 14. Rxe4 e5 15. Nb5 Nd5 16. c4 a6 17. cxd5 axb5 18. Bxf8 Rxf8 19. f4 Rd8 20. d6 Kd7 21. Kd2 Rde8 22. fxe5 fxe5 23. Rae1 Rf2+ 24. R1e2 Rxe2+ 25. Kxe2 Ke6 26. Rb4 b6 27. cxb6 Kxd6 28. Rxb5 Kc6 29. Rb3 Kb7 30. Ke3 Ra8 31. a3 Ra5 32. Ke4 Rc5 33. Kd3 Rd5+ 34. Ke3 Rc5 35. a4 Rc4 36. a5 Rd4 37. a6+ Kxa6 38. b7 1-0

[Event "LJ Slovak Open 2022"]
[Site "Liptovsky Jan"]
[Date "2022.06.25"]
[Round "5.44"]
[White "Freibergs, Filips"]
[Black "Bohacek, Ludovit"]
[Result "1/2-1/2"]
[ECO "A48"]
[WhiteElo "1250"]
[BlackElo "1594"]
[Annotator "NA RC"]
[PlyCount "125"]
[EventDate "2022.06.23"]
[EventType "swiss"]
[EventCountry "SVK"]
[SourceTitle "playchess.com"]
[Source "ChessBase"]
[SourceQuality "1"]
[TimeControl "3600+30"]

1. d4 Nf6 2. Nf3 g6 3. e3 Bg7 4. Nbd2 d6 5. b3 O-O 6. Bb2 Nbd7 7. c4 Re8 8. Bd3 e5 9. Qc2 c5 10. O-O Qc7 11. dxe5 Nxe5 12. Nxe5 dxe5 13. Rad1 Ng4 14. h3 Nh6 15. Nf3 f5 16. e4 Qe7 17. exf5 e4 18. fxg6 hxg6 19. Rfe1 Bf5 20. Bxg7 Kxg7 21. Nd2 Qg5 22. Nxe4 Bxe4 23. Rxe4 Rad8 24. Rxe8 Rxe8 25. Qd2 Qe5 26. Bf1 Nf5 27. Qd5 Nd4 28. Qxb7+ Re7 29. Qd5 Qc7 30. Qg5 Re5 31. Qg3 Qe7 32. Rd3 Re1 33. Re3 Ne2+ 34. Kh2 Nxg3 35. Rxe7+ Rxe7 36. Kxg3 a5 37. Kf3 Re1 38. Bd3 Kf6 39. h4 Ra1 40. a4 Ra2 41. Be2 Rb2 42. Bd1 Rd2 43. Be2 Ke5 44. Ke3 Rd4 45. g3 Re4+ 46. Kd3 Rd4+ 47. Kc3 Ke4 48. h5 gxh5 49. Bxh5 Rd3+ 50. Kc2 Rd6 51. Be2 Rf6 52. f3+ Ke3 53. Bd1 Rh6 54. g4 Rh2+ 55. Kc3 Rh1 56. Kc2 Rg1 57. Kc1 Kd3 58. f4 Ke4 59. f5 Ke5 60. Kd2 Rg3 61. Kc2 Kf6 62. Kd2 Kg5 63. Kc2 1/2-1/2

[Event "LJ Slovak Open 2022"]
[Site "Liptovsky Jan"]
[Date "2022.06.25"]
[Round "5.45"]
[White "Carnecky, Michal"]
[Black "Koren, Juraj"]
[Result "0-1"]
[ECO "A22"]
[WhiteElo "1361"]
[BlackElo "1506"]
[Annotator "NA RC"]
[PlyCount "84"]
[EventDate "2022.06.23"]
[EventType "swiss"]
[EventCountry "SVK"]
[SourceTitle "playchess.com"]
[Source "ChessBase"]
[SourceQuality "1"]
[TimeControl "3600+30"]

1. c4 Nf6 2. Nc3 e5 3. a3 Be7 4. d3 O-O 5. Nf3 d6 6. g3 Be6 7. Bg2 Nbd7 8. Qc2 c6 9. O-O d5 10. cxd5 cxd5 11. d4 e4 12. Ng5 Rc8 13. Nxe6 fxe6 14. Qd1 Nb6 15. e3 Nc4 16. Qe1 e5 17. b3 exd4 18. bxc4 dxc3 19. cxd5 Qxd5 20. Qd1 Rfd8 21. Qc2 Qd3 22. Ra2 Rc6 23. Qb3+ Qc4 24. Qxc4+ Rxc4 25. Rc2 b5 26. f3 b4 27. axb4 Bxb4 28. Rff2 Ba5 29. h3 Ra4 30. Kh2 Ra1 31. Rf1 Ra4 32. fxe4 Nxe4 33. Rf4 Nc5 34. Rcf2 Rxf4 35. exf4 Nd3 36. Rc2 Bb4 37. Be3 Ne1 38. Re2 Nxg2 39. Bxa7 Rd2 40. Rxg2 c2 41. Be3 c1=Q 42. Bxd2 Bxd2 0-1

[Event "LJ Slovak Open 2022"]
[Site "Liptovsky Jan"]
[Date "2022.06.25"]
[Round "5.46"]
[White "Kolibik, Jan"]
[Black "Livnansky, Tomas"]
[Result "1/2-1/2"]
[ECO "E10"]
[WhiteElo "1621"]
[BlackElo "1244"]
[Annotator "NA RC"]
[PlyCount "52"]
[EventDate "2022.06.23"]
[EventType "swiss"]
[EventCountry "SVK"]
[SourceTitle "playchess.com"]
[Source "ChessBase"]
[SourceQuality "1"]
[TimeControl "3600+30"]

1. Nf3 d5 2. d4 Nc6 3. e3 Nf6 4. c4 e6 5. a3 Bd6 6. c5 Be7 7. Bb5 Bd7 8. O-O a6 9. Bxc6 Bxc6 10. Nc3 O-O 11. b4 b6 12. cxb6 cxb6 13. Bb2 Bb7 14. Rc1 Rc8 15. Nd2 b5 16. Ne2 Qd7 17. Qb3 Rc6 18. Rxc6 Qxc6 19. Rc1 Qd7 20. Nf4 Rc8 21. Nd3 Rxc1+ 22. Nxc1 Qc7 23. Qc3 Bd6 24. Qxc7 Bxc7 25. Nd3 Kf8 26. f3 Ke7 1/2-1/2

[Event "LJ Slovak Open 2022"]
[Site "Liptovsky Jan"]
[Date "2022.06.25"]
[Round "5.47"]
[White "Dicer, Juraj"]
[Black "Kovacik, Oliver"]
[Result "1-0"]
[ECO "B06"]
[WhiteElo "1562"]
[BlackElo "1331"]
[Annotator "NA RC"]
[PlyCount "115"]
[EventDate "2022.06.23"]
[EventType "swiss"]
[EventCountry "SVK"]
[SourceTitle "playchess.com"]
[Source "ChessBase"]
[SourceQuality "1"]
[TimeControl "3600+30"]

1. d4 g6 2. e4 Bg7 3. f4 Nf6 4. Bd3 b6 5. e5 Nd5 6. c4 Nb4 7. Be4 c6 8. a3 N4a6 9. Nf3 d5 10. cxd5 cxd5 11. Bd3 Nc6 12. Qc2 Qc7 13. b4 Nd8 14. Nc3 Qd7 15. Bb5 Nc6 16. Qa4 Nab8 17. Be3 a6 18. Bxc6 Nxc6 19. Rc1 Bb7 20. O-O b5 21. Qb3 e6 22. a4 Ne7 23. axb5 axb5 24. Ra1 O-O 25. Ra5 Bc6 26. Rfa1 Rab8 27. Ra7 Rb7 28. R7a5 Nf5 29. Bf2 f6 30. g4 Nh6 31. exf6 Rxf6 32. g5 Rxf4 33. gxh6 Rxf3 34. hxg7 Kxg7 35. Qc2 e5 36. Bg3 exd4 37. Nd1 Qh3 38. Qg2 Qf5 39. Ra7 Rf7 40. Rxf7+ Kxf7 41. Ra7+ Kg8 42. Qe2 d3 43. Qg2 d2 44. Ra6 Bb7 45. Ra7 Bc6 46. Rc7 Qf6 47. Qe2 d4 48. Rc8+ Kf7 49. Nf2 d3 50. Qxd2 Qa1+ 51. Nd1 Qd4+ 52. Nf2 Qa1+ 53. Qd1 Qf6 54. Qb3+ Ke7 55. Rc7+ Kd8 56. Qg8+ Qf8 57. Qxf8+ Rxf8 58. Rxc6 1-0

[Event "LJ Slovak Open 2022"]
[Site "Liptovsky Jan"]
[Date "2022.06.25"]
[Round "5.48"]
[White "Gay, Lukas"]
[Black "Szaszak, Matej"]
[Result "1-0"]
[ECO "C45"]
[WhiteElo "1480"]
[BlackElo "1235"]
[Annotator "NA RC"]
[PlyCount "71"]
[EventDate "2022.06.23"]
[EventType "swiss"]
[EventCountry "SVK"]
[SourceTitle "playchess.com"]
[Source "ChessBase"]
[SourceQuality "1"]
[TimeControl "3600+30"]

1. e4 e5 2. Nf3 Nc6 3. d4 exd4 4. Nxd4 Nxd4 5. Qxd4 Qe7 6. Nc3 Nf6 7. Be3 c5 8. Qd3 b6 9. f3 g6 10. Nb5 d6 11. O-O-O Qd8 12. Nxd6+ Bxd6 13. Qxd6 Qxd6 14. Rxd6 Be6 15. Bb5+ Nd7 16. Bxd7+ Bxd7 17. Rhd1 Rd8 18. Bg5 O-O 19. Bxd8 Rxd8 20. Rxd7 Rxd7 21. Rxd7 a6 22. Rd6 b5 23. Rxa6 Kf8 24. Ra5 Ke7 25. Rxb5 Kd6 26. c4 f5 27. exf5 gxf5 28. a4 Kc6 29. a5 Kc7 30. a6 h5 31. a7 h4 32. a8=Q h3 33. gxh3 f4 34. Qd5 Kc8 35. Rxc5+ Kb8 36. Qd2 1-0

[Event "LJ Slovak Open 2022"]
[Site "Liptovsky Jan"]
[Date "2022.06.25"]
[Round "5.49"]
[White "Vastik, Tomas"]
[Black "Haasova, Nina"]
[Result "1-0"]
[ECO "B50"]
[WhiteElo "1457"]
[BlackElo "1216"]
[Annotator "NA RC"]
[PlyCount "35"]
[EventDate "2022.06.23"]
[EventType "swiss"]
[EventCountry "SVK"]
[SourceTitle "playchess.com"]
[Source "ChessBase"]
[SourceQuality "1"]
[TimeControl "3600+30"]

1. e4 d6 2. Nc3 Nf6 3. h3 c5 4. Nf3 g6 5. Bb5+ Bd7 6. Qe2 Bg7 7. Bxd7+ Nbxd7 8. O-O O-O 9. d3 b6 10. Bg5 h6 11. Bd2 b5 12. a3 a6 13. Nh2 e5 14. Rfe1 Nb6 15. Ng4 h5 16. Nxf6+ Bxf6 17. Qf3 Kg7 18. h4 1-0

[Event "LJ Slovak Open 2022"]
[Site "Liptovsky Jan"]
[Date "2022.06.25"]
[Round "5.50"]
[White "Stefanides, Karol"]
[Black "Muller, Tomas"]
[Result "1-0"]
[ECO "A48"]
[WhiteElo "1438"]
[BlackElo "1240"]
[Annotator "NA RC"]
[PlyCount "44"]
[EventDate "2022.06.23"]
[EventType "swiss"]
[EventCountry "SVK"]
[SourceTitle "playchess.com"]
[Source "ChessBase"]
[SourceQuality "1"]
[TimeControl "3600+30"]

1. d4 Nf6 2. Nf3 g6 3. Nbd2 Bg7 4. e4 d5 5. e5 Nfd7 6. Bd3 O-O 7. c3 Nb6 8. b3 f6 9. exf6 Rxf6 10. O-O Bg4 11. Be2 Qd6 12. h3 Be6 13. Ne5 N8d7 14. Ndf3 Rf5 15. Nxd7 Nxd7 16. Ng5 Nf6 17. Nxe6 Qxe6 18. Be3 Qc6 19. c4 Ne4 20. Rc1 Rc8 21. cxd5 Qxd5 22. Bc4 Qxc4 1-0

[Event "LJ Slovak Open 2022"]
[Site "Liptovsky Jan"]
[Date "2022.06.25"]
[Round "5.51"]
[White "Nedoba, Jakub"]
[Black "Ihnat, Marek"]
[Result "1-0"]
[ECO "D00"]
[WhiteElo "1158"]
[BlackElo "2045"]
[Annotator "NA RC"]
[PlyCount "35"]
[EventDate "2022.06.23"]
[EventType "swiss"]
[EventCountry "SVK"]
[SourceTitle "playchess.com"]
[Source "ChessBase"]
[SourceQuality "1"]
[TimeControl "3600+30"]

1. d4 d5 2. Bf4 c5 3. c3 e6 4. e3 Nc6 5. Bd3 c4 6. Bc2 Bd7 7. Nf3 Nf6 8. Nbd2 b5 9. a3 Be7 10. Qb1 h6 11. Ne5 O-O 12. Ndf3 Nh5 13. h4 Nxf4 14. exf4 Nxe5 15. fxe5 f6 16. g4 fxe5 17. Nxe5 Bxh4 18. Bh7+ 1-0

[Event "LJ Slovak Open 2022"]
[Site "Liptovsky Jan"]
[Date "2022.06.25"]
[Round "5.52"]
[White "Zelenka, Matej"]
[Black "Socha, Wiktor"]
[Result "1-0"]
[ECO "B34"]
[WhiteElo "1400"]
[BlackElo "1020"]
[Annotator "NA RC"]
[PlyCount "121"]
[EventDate "2022.06.23"]
[EventType "swiss"]
[EventCountry "SVK"]
[SourceTitle "playchess.com"]
[Source "ChessBase"]
[SourceQuality "1"]
[TimeControl "3600+30"]

1. e4 c5 2. Nf3 g6 3. d4 cxd4 4. Nxd4 Nc6 5. Nc3 Bg7 6. Be3 Nf6 7. Nxc6 bxc6 8. e5 Ng8 9. Bd4 Nh6 10. e6 Bxd4 11. Qxd4 f6 12. O-O-O Nf5 13. Qg4 d5 14. Qa4 Qd6 15. Nxd5 Kf8 16. Nxf6 Qxe6 17. Ne4 Kg7 18. Qc4 a5 19. Qxe6 Bxe6 20. b3 a4 21. Nc5 Kf7 22. Nxa4 Rhc8 23. Nb6 Rxa2 24. Kb1 Ra7 25. Nxc8 Bxc8 26. Bc4+ Kf6 27. g3 Nd6 28. Bd3 Bf5 29. Bxf5 gxf5 30. f4 Ne4 31. Rd8 Kf7 32. Kb2 c5 33. Rhd1 Rb7 34. R1d5 c4 35. Rxf5+ Kg6 36. Ra5 Kf7 37. Rc8 Nd6 38. Rc6 Ke6 39. Rac5 Kd7 40. Ra6 Rb8 41. Ra7+ Ke6 42. Re5+ Kf6 43. Rexe7 c3+ 44. Kb1 Rg8 45. Rxh7 Re8 46. Rh6+ Kf5 47. Rxd6 Re1+ 48. Ka2 Rc1 49. Rc6 Rxc2+ 50. Kb1 Rb2+ 51. Kc1 Rxb3 52. Ra2 Rb2 53. Rxb2 cxb2+ 54. Kxb2 Kg4 55. Rc5 Kh3 56. f5 Kg4 57. f6 Kh3 58. f7 Kg4 59. f8=Q Kh3 60. Qf3 Kxh2 61. Rh5+ 1-0

[Event "LJ Slovak Open 2022"]
[Site "Liptovsky Jan"]
[Date "2022.06.25"]
[Round "5.53"]
[White "Vojtko, Imrich"]
[Black "Sotnik, Simon"]
[Result "1-0"]
[ECO "D00"]
[WhiteElo "1382"]
[BlackElo "1038"]
[Annotator "NA RC"]
[PlyCount "45"]
[EventDate "2022.06.23"]
[EventType "swiss"]
[EventCountry "SVK"]
[SourceTitle "playchess.com"]
[Source "ChessBase"]
[SourceQuality "1"]
[TimeControl "3600+30"]

1. Nf3 Nf6 2. Nc3 g6 3. d4 d5 4. e3 Bg4 5. Be2 c5 6. dxc5 Nc6 7. h3 Bxf3 8. Bxf3 e5 9. Bxd5 Nxd5 10. Qxd5 Qxd5 11. Nxd5 Bxc5 12. Nc7+ Ke7 13. Nxa8 Rxa8 14. a3 f5 15. O-O Rd8 16. b4 Bb6 17. c4 a6 18. g3 g5 19. c5 Bc7 20. Ra2 f4 21. g4 f3 22. e4 b6 23. Bxg5+ 1-0

[Event "LJ Slovak Open 2022"]
[Site "Liptovsky Jan"]
[Date "2022.06.25"]
[Round "5.54"]
[White "Stricova Julia Nela"]
[Black "Polacok, Jozef"]
[Result "0-1"]
[ECO "B10"]
[WhiteElo "1149"]
[BlackElo "1386"]
[Annotator "NA RC"]
[PlyCount "96"]
[EventDate "2022.06.23"]
[EventType "swiss"]
[EventCountry "SVK"]
[SourceTitle "playchess.com"]
[Source "ChessBase"]
[SourceQuality "1"]
[TimeControl "3600+30"]

1. e4 c6 2. Nf3 d5 3. e5 Bg4 4. g3 e6 5. Bg2 Nd7 6. d4 c5 7. c3 Ne7 8. O-O Nc6 9. Bf4 Be7 10. Qc1 Qb6 11. a3 Bxf3 12. Bxf3 cxd4 13. Re1 dxc3 14. Nxc3 Nd4 15. Qe3 Nc2 16. Qxb6 Nxb6 17. Rab1 Nxe1 18. Rxe1 a6 19. Be3 Nc4 20. Bc1 b5 21. b3 Nb6 22. Be3 Nd7 23. a4 Bb4 24. Rc1 Rc8 25. Bd4 O-O 26. axb5 axb5 27. Be2 Bxc3 28. Bxc3 b4 29. Bd2 Rxc1+ 30. Bxc1 Nxe5 31. Bd2 Nc6 32. Bb5 Nd4 33. Ba4 Nf3+ 34. Kg2 Nxd2 35. f3 Rc8 36. g4 Rc2 37. Kg3 Rb2 38. h3 Nxb3 39. h4 Nc5 40. Bb5 b3 41. Bf1 d4 42. Bc4 d3 43. Bxd3 Nxd3 44. f4 Rf2 45. g5 b2 46. Kg4 b1=Q 47. Kg3 Qg1+ 48. Kh3 Nxf4# 0-1

[Event "LJ Slovak Open 2022"]
[Site "Liptovsky Jan"]
[Date "2022.06.25"]
[Round "5.55"]
[White "Magda, Juraj"]
[Black "Veres Alex"]
[Result "0-1"]
[ECO "C45"]
[WhiteElo "1301"]
[BlackElo "1000"]
[Annotator "NA RC"]
[PlyCount "52"]
[EventDate "2022.06.23"]
[EventType "swiss"]
[EventCountry "SVK"]
[SourceTitle "playchess.com"]
[Source "ChessBase"]
[SourceQuality "1"]
[TimeControl "3600+30"]

1. e4 e5 2. Nf3 Nf6 3. Nc3 Nc6 4. d4 exd4 5. Nxd4 Nxd4 6. Qxd4 c5 7. Qe5+ Be7 8. Bg5 d6 9. Bxf6 dxe5 10. Bxe5 Bf6 11. Bb5+ Bd7 12. Rd1 Bxe5 13. Rxd7 Qa5 14. Rxb7+ Kf8 15. O-O Bxc3 16. bxc3 Qxc3 17. Rd1 Qxc2 18. Rbd7 g6 19. g3 Qxe4 20. Rc7 Kg7 21. Bc6 Qe2 22. Rdd7 Raf8 23. Rxa7 Rd8 24. Rxf7+ Kh6 25. Bf3 Rd1+ 26. Kg2 Qf1# 0-1

[Event "LJ Slovak Open 2022"]
[Site "Liptovsky Jan"]
[Date "2022.06.25"]
[Round "5.56"]
[White "Pavlov Jakub"]
[Black "Papay Aurel"]
[Result "1-0"]
[ECO "C01"]
[WhiteElo "1000"]
[BlackElo "1294"]
[Annotator "NA RC"]
[PlyCount "50"]
[EventDate "2022.06.23"]
[EventType "swiss"]
[EventCountry "SVK"]
[SourceTitle "playchess.com"]
[Source "ChessBase"]
[SourceQuality "1"]
[TimeControl "3600+30"]

1. e4 e6 2. d4 d5 3. exd5 exd5 4. Nf3 Bd6 5. Bd3 Ne7 6. Nc3 O-O 7. Be3 Nbc6 8. a3 Bg4 9. h3 Bxf3 10. Qxf3 Qe8 11. O-O-O a6 12. Nxd5 Nxd5 13. Qxd5 Rd8 14. Qe4 Qxe4 15. Bxe4 Rfe8 16. Bxc6 bxc6 17. Rd3 g6 18. Rc3 Ra8 19. Rxc6 Ra7 20. Rd1 Bf8 21. d5 Rb7 22. Rxa6 Bg7 23. b4 Rb5 24. d6 cxd6 25. Raxd6 Bf6 1-0

[Event "LJ Slovak Open 2022"]
[Site "Liptovsky Jan"]
[Date "2022.06.25"]
[Round "5.57"]
[White "Bodnar, Frantisek"]
[Black "Stricova Viktoria Lea"]
[Result "1-0"]
[ECO "D02"]
[WhiteElo "1379"]
[BlackElo "1025"]
[Annotator "NA RC"]
[PlyCount "57"]
[EventDate "2022.06.23"]
[EventType "swiss"]
[EventCountry "SVK"]
[SourceTitle "playchess.com"]
[Source "ChessBase"]
[SourceQuality "1"]
[TimeControl "3600+30"]

1. d4 d5 2. Bf4 Nc6 3. e3 a6 4. Nf3 Bf5 5. c3 Nf6 6. h3 Qb8 7. Bd3 e6 8. Bxf5 exf5 9. Nbd2 Nd7 10. Qc2 b5 11. Qxf5 g6 12. Qd3 Nf6 13. O-O Ne4 14. Ne5 Nxe5 15. Bxe5 Rg8 16. Nxe4 dxe4 17. Qxe4 Be7 18. d5 Kf8 19. Qf4 Qc8 20. Qh6+ Ke8 21. Qxh7 Kd7 22. Qxf7 Qe8 23. Qe6+ Kd8 24. Rad1 a5 25. Rd3 Rb8 26. Rfd1 Rb6 27. d6 Qd7 28. Qxg8+ Qe8 29. dxc7+ 1-0

[Event "LJ Slovak Open 2022"]
[Site "Liptovsky Jan"]
[Date "2022.06.25"]
[Round "5.58"]
[White "Magdova, Lucia"]
[Black "Polackova, Eva"]
[Result "0-1"]
[ECO "C48"]
[WhiteElo "1055"]
[BlackElo "1253"]
[Annotator "NA RC"]
[PlyCount "47"]
[EventDate "2022.06.23"]
[EventType "swiss"]
[EventCountry "SVK"]
[SourceTitle "playchess.com"]
[Source "ChessBase"]
[SourceQuality "1"]
[TimeControl "3600+30"]

1. e4 e5 2. Nf3 Nc6 3. Nc3 Nf6 4. Bb5 d6 5. d3 Be7 6. O-O O-O 7. Bg5 Bg4 8. h3 Bh5 9. Re1 Nd4 10. Nd5 Nxf3+ 11. gxf3 Nxd5 12. Bxe7 Nxe7 13. Kf1 Qc8 14. Ke2 Qxh3 15. Kd2 Bxf3 16. Qb1 Qe6 17. a4 Nc6 18. Ra3 Bh5 19. Rh1 Bg4 20. Qg1 Nd4 21. Ke3 Nxc2+ 22. Kd2 Nxa3 23. bxa3 Qa2+ 24. Ke3 0-1

[Event "LJ Slovak Open 2022"]
[Site "Liptovsky Jan"]
[Date "2022.06.25"]
[Round "5.59"]
[White "Pechociakova, Petra"]
[Black "Lesko Ondrej"]
[Result "1-0"]
[ECO "C65"]
[WhiteElo "1160"]
[BlackElo "1000"]
[Annotator "NA RC"]
[PlyCount "47"]
[EventDate "2022.06.23"]
[EventType "swiss"]
[EventCountry "SVK"]
[SourceTitle "playchess.com"]
[Source "ChessBase"]
[SourceQuality "1"]
[TimeControl "3600+30"]

1. e4 e5 2. Nf3 Nc6 3. Bb5 Nf6 4. d3 Bc5 5. Bxc6 bxc6 6. Nxe5 d6 7. Nxc6 Qd7 8. Na5 O-O 9. O-O Re8 10. h3 h6 11. Qf3 Bb7 12. Nxb7 Bb4 13. Qg3 Nh5 14. Qf3 Re5 15. c3 Rb8 16. cxb4 Rxb7 17. d4 Rg5 18. Bxg5 hxg5 19. Qxh5 Kf8 20. Qh8+ Ke7 21. Qxg7 g4 22. hxg4 Rxb4 23. g5 Rxd4 24. Qxd4 1-0